 Seeded DCSS version 0.29.1-1-gd02db6906a (webtiles) character file.

Game seed: 18131439296797477316 (custom seed)

1261 virigoth the Cudgeller (level 8, -5/106 HPs)
             Began as a Minotaur Berserker on Sept 24, 2022.
             Was a Priest of Trog.
             Killed from afar by a white imp (12 damage)
             ... with a puff of frost
             ... on level 6 of the Dungeon.
             The game lasted 00:11:29 (5738 turns).

virigoth the Cudgeller (Minotaur Berserker)         Turns: 5738, Time: 00:11:30

Health: -5/106     AC: 10    Str: 22    XL:     8   Next: 27%
Magic:  7/7        EV:  9    Int:  6    God:    Trog [***...]
Gold:   374        SH:  0    Dex: 10    Spells: 7/7 levels left

rFire   . . .      SeeInvis .   f - +5 mace (holy)
rCold   . . .      Faith    .   (no shield)
rNeg    + . .      Spirit   .   W - +0 chain mail
rPois   .          Reflect  .   (helmet restricted)
rElec   .          Harm     .   (no cloak)
rCorr   .          Rampage  .   c - +0 pair of gloves
Will    .....                   (no boots)
Stlth   ..........              (no amulet)
HPRegen 0.27/turn               M - ring of positive energy
MPRegen 0.10/turn               (no ring)

@: berserking, very quick
A: horns 2, retaliatory headbutt
a: Renounce Religion, Berserk, Trog's Hand


You were on level 6 of the Dungeon.
You worshipped Trog.
Trog was most pleased with you.
You visited 1 branch of the dungeon, and saw 6 of its levels.

You collected 374 gold pieces.

Inventory:

Hand Weapons
 a - a +0 hand axe of electrocution
 f - a +5 mace of holy wrath (weapon)
 t - a +4 dagger
Missiles
 O - 5 poisoned darts
 X - 35 stones (quivered)
Armour
 c - a +0 pair of gloves (worn)
 K - a +2 robe of willpower
 Q - a +2 robe of cold resistance
 W - a +0 chain mail (worn)
Jewellery
 M - a ring of positive energy (left hand)
 S - an amulet of faith
Wands
 I - a wand of polymorph (10)
 L - a wand of roots (13)
 V - a wand of acid (6)
Scrolls
 w - 5 scrolls of teleportation {!r}
 J - a scroll of poison {unknown}
 P - a scroll of summoning
Potions
 v - a potion of flight
 N - 2 potions of haste {!q}
 R - a potion of heal wounds {unknown}
 T - 6 potions of curing {!q}
 U - a potion of mutation {unknown}
 Y - a potion of ambrosia {!q}
 Z - 2 potions of berserk rage {!q}


   Skills:
 + Level 6.6 Fighting
 - Level 4.6(6.6) Axes
 * Level 7.1(7.8) Maces & Flails
 - Level 3.0 Throwing
 + Level 4.7 Armour
 - Level 4.3 Dodging


You had 7 spell levels left.
You didn't know any spells.
Your spell library was empty.

Dungeon Overview and Level Annotations

Branches:
Dungeon (6/15)             Temple (0/1) D:5

Altars:
Makhleb
The Shining One

Annotations:
D:1 exclusion: door
D:6 1 runed translucent door, Iamsock's ghost, novice GnWn


Innate Abilities, Weirdness & Mutations

You have a pair of horns on your head.
You reflexively headbutt those who attack you in melee.


Message History

The gnoll hits you with a +0 whip.
* * * LOW HITPOINT WARNING * * *
The white imp hits you but does no damage.
You barely miss the white imp.
The white imp is heavily wounded.
The gnoll hits you with a +0 flail!
* * * LOW HITPOINT WARNING * * *
The gnoll hits you with a +0 club.
* * * LOW HITPOINT WARNING * * *
The white imp hits you.
* * * LOW HITPOINT WARNING * * *
The white imp freezes you.
* * * LOW HITPOINT WARNING * * *
The gnoll closely misses you. You furiously retaliate!
You headbutt the gnoll.
A red film seems to cover your vision as you go berserk!
You feel yourself moving faster!
You feel mighty!
You are no longer corroded.
The gnoll hits you but does no damage. The gnoll misses you.
The gnoll hits you with a +0 whip.
* * * LOW HITPOINT WARNING * * *
The white imp gestures at you. The puff of frost hits you!
* * * LOW HITPOINT WARNING * * *
You barely miss the white imp. Your headbutt misses the white imp.
The white imp is heavily wounded.
The white imp gestures at you. The puff of frost hits you!
* * * LOW HITPOINT WARNING * * *
The gnoll barely misses you. The gnoll hits you with a +0 flail!
* * * LOW HITPOINT WARNING * * *
The gnoll hits you but does no damage.
You bludgeon the gnoll!!
You kill the gnoll!
Trog accepts your kill.
You sock the gnoll!
You kill the gnoll!
Trog accepts your kill. The white imp gestures at you.
The puff of frost hits you!
You die...

#........#
#........##
#####..........
...............
...............
..............#
......)5g.....#
......)H#
........#
........##
.........#
########.# #.#
########.#######
......†.........
########.#######


You could see a gnoll and a white imp.

Vanquished Creatures
  Grinder (D:5)
  Sigmund (D:3)
  A black bear (D:4)
  An ice beast (D:5)
  A centaur (D:6)
  3 scorpions
  A howler monkey (D:4)
  2 jellies (D:6)
  An orc priest (D:5)
  An iguana (D:5)
  4 orc wizards (D:5)
  Robin (D:3)
  2 gnolls (D:6)
  6 adders
  2 white imps
  An ufetubus (D:6)
  A worm (D:2)
  6 dart slugs
  17 orcs
  5 bats
  7 endoplasms
  A giant cockroach (D:3)
  20 goblins
  11 hobgoblins
  5 quokkas
  4 ball pythons
  7 frilled lizards
  6 kobolds
  5 rats
124 creatures vanquished.

Notes
Turn   | Place    | Note
-------+----------+-------------------------------------------
     0 | D:1      | virigoth the Minotaur Berserker began the quest for the
                  | Orb.
     0 | D:1      | Reached XP level 1. HP: 19/19 MP: 0/0
   318 | D:1      | Reached XP level 2. HP: 27/27 MP: 1/1
   680 | D:1      | Found a faded altar of an unknown god.
   680 | D:1      | Noticed a crimson imp
  1224 | D:2      | Reached XP level 3. HP: 33/33 MP: 2/2
  1251 | D:2      | Reached ** piety under Trog
  1581 | D:2      | the bat is sucked into a shaft!
  1581 | D:2      | The shaft crumbles and collapses.
  1773 | D:2      | Reached skill level 1 in Throwing
  2106 | D:2      | Reached XP level 4. HP: 38/40 MP: 3/3
  2274 | D:2      | Identified a scroll of acquirement
  2275 | D:2      | Acquired a +4 mace of holy wrath
  2943 | D:3      | Noticed Robin
  2954 | D:3      | Reached skill level 1 in Maces & Flails
  2963 | D:3      | Killed Robin
  3069 | D:3      | Noticed Sigmund
  3090 | D:3      | Killed Sigmund
  3091 | D:3      | Reached skill level 3 in Maces & Flails
  3091 | D:3      | Reached XP level 5. HP: 26/47 MP: 4/4
  3091 | D:3      | Reached XP level 6. HP: 31/55 MP: 5/5
  3354 | D:3      | Found a burning altar of Makhleb.
  3524 | D:4      | Reached skill level 5 in Fighting
  3582 | D:4      | Found a glowing golden altar of the Shining One.
  3908 | D:4      | Reached skill level 4 in Maces & Flails
  4215 | D:4      | Reached *** piety under Trog
  4415 | D:5      | Entered Level 5 of the Dungeon
  4422 | D:5      | Noticed an ice beast
  4429 | D:5      | Killed an ice beast
  4430 | D:5      | Reached XP level 7. HP: 61/61 MP: 6/6
  4553 | D:5      | Reached skill level 5 in Maces & Flails
  4635 | D:5      | Found a staircase to the Ecumenical Temple.
  4640 | D:5      | Noticed Grinder
  4643 | D:5      | Paralysed by Grinder for 5 turns
  4650 | D:5      | Killed Grinder
  4684 | D:5      | Reached skill level 6 in Maces & Flails
  5008 | D:5      | Reached XP level 8. HP: 42/70 MP: 7/7
  5499 | D:6      | Found a runed translucent door.
  5503 | D:6      | Noticed Iamsock's ghost (novice GnWn)
  5663 | D:6      | Reached skill level 7 in Maces & Flails
  5736 | D:6      | HP: 7/106 [gnoll/+0 flail (7)]
  5738 | D:6      | Killed from afar by a white imp

Illustrated notes

Levels and vault maps discovered:
D:1:      minmay_arrival_four_loops, layout_loops_ring,
          dreamdust_ecumenical_altar_sealed_demon, grunt_decor_resistance
D:2:      cheibrodos_greedy_goblins, layout_loops_cross, minmay_tromino_v4_c
D:3:      layout_basic, lightli_temple_of_fire, grunt_ministairs_15, uniq_robin,
          uniq_sigmund
D:4:      layout_loops_ring, tso_metal_star
D:5:      layout_basic, minmay_temple_entry_statues_fountains,
          corexii_corridor_pit, serial_park_tiny_2, uniq_grinder
D:6:      layout_basic, mainiacjoe_overflow_tiny_flanked, ebering_ghost_sewer_f,
          minivault_10

Skill      XL: |  1  2  3  4  5  6  7  8 |
---------------+-------------------------+-----
Axes           | 4 |  4.6
Fighting       | 4 5 6 |  6.6
Throwing       | 1 2 3 |  3.0
Dodging        | 3 4 |  4.3
Maces & Flails | 3 4 6 7 |  7.1
Armour         | 4 |  4.7

Action                   |  1- 3 |  4- 6 |  7- 9 || total
-------------------------+-------+-------+-------++-------
Melee: Hand axe          |    36 |       |       ||    36
       Headbutt          |    11 |     9 |     9 ||    29
       Dagger            |    62 |     8 |       ||    70
       Punch             |     1 |     2 |       ||     3
       Mace              |       |    79 |    88 ||   167
Throw: Stone             |    13 |       |       ||    13
Invok: Berserk           |       |     1 |     2 ||     3
  Use: Scroll            |     2 |     5 |     6 ||    13
       Potion            |       |       |     1 ||     1
 Stab: Sleeping          |     1 |       |       ||     1
Armor: Animal skin       |    16 |       |       ||    16
       Chain mail        |    15 |    52 |    73 ||   140
Dodge: Dodged            |    46 |    30 |    38 ||   114
